General information
- name: BNet
- type: Ladder 1vs1/FFA
- host: Battle.net
- saver: GnR158
map: Wetlands
- players: 2
- length: 24:16
- speed: Fast
- version: 1.26 W3XP
- replay type: Public
» download(89 KB)
Players
team 1 (loser)
alf (
green | 111 APM | 2647 actions | 23:57)
4 Blademaster
2 Wind Walk
2 Critical Strike
» actions
| Assign group hotkey | 14 | |
| Basic commands | 182 | |
| Build / train | 92 | |
| ESC pressed | 2 | |
| Enter build submenu | 31 | |
| Enter hero's abilities submenu | 4 | |
| Give item / drop item | 6 | |
| Right click | 1339 | |
| Select / deselect | 217 | |
| Select group hotkey | 630 | |
| Use ability | 130 | |
2647 total
» units
» upgrades
| Ranged Weapons | 2 | |
| Reinforced Defenses | 1 | |
| Liquid Fire | 1 | |
4 total
» buildings
| Altar of Storms | 1 | |
| Orc Burrow | 4 | |
| War Mill | 1 | |
| Voodoo Lounge | 1 | |
| Watch Tower | 17 | |
| Stronghold | 4 | |
| Fortress | 1 | |
| Beastiary | 2 | |
| Great Hall | 1 | |
32 total
» build order
00:16 Altar of Storms
00:20 Orc Burrow
00:41 War Mill
01:13 Voodoo Lounge
01:57 Watch Tower
02:16 Watch Tower
02:38 Watch Tower
03:09 Watch Tower
03:34 Stronghold
03:34 Stronghold
03:34 Stronghold
03:59 Watch Tower
04:26 Watch Tower
04:51 Orc Burrow
05:57 Fortress
05:58 Beastiary
06:09 Beastiary
06:33 Orc Burrow
09:02 Orc Burrow
11:47 Watch Tower
11:49 Watch Tower
11:50 Watch Tower
11:53 Watch Tower
14:57 Watch Tower
15:04 Watch Tower
20:31 Watch Tower
20:32 Watch Tower
20:34 Watch Tower
20:36 Watch Tower
23:12 Great Hall
23:14 Watch Tower
» items
| Healing Salve | 7 | |
| Boots of Speed | 2 | |
| Circlet of Nobility | 1 | |
| Staff of Teleportation | 1 | |
| Lesser Clarity Potion | 8 | |
| Orb of Lightning | 1 | |
| Potion of Healing | 1 | |
| Scroll of Speed | 1 | |
22 total
team 2 (winner)
GnR158 (
yellow | 127 APM | 3082 actions | 24:16)
6 Goblin Tinker
3 Pocket Factory
2 Engineering Upgrade
1 Robo-Goblin
» actions
| Assign group hotkey | 41 | |
| Basic commands | 41 | |
| Build / train | 85 | |
| ESC pressed | 6 | |
| Enter build submenu | 30 | |
| Enter hero's abilities submenu | 6 | |
| Give item / drop item | 4 | |
| Remove unit from queue | 1 | |
| Right click | 1430 | |
| Select / deselect | 389 | |
| Select group hotkey | 967 | |
| Use ability | 82 | |
3082 total
» units
| Wisp | 27 | |
| Huntress | 5 | |
| Druid of the Talon | 9 | |
| Archer | 10 | |
| Dryad | 6 | |
57 total
» upgrades
| Sentinel | 1 | |
| Improved Bows | 1 | |
| Druid of the Talon Training | 2 | |
| Abolish Magic | 1 | |
| Nature's Blessing | 1 | |
| Marksmanship | 1 | |
| Well Spring | 1 | |
8 total
» buildings
| Moon Well | 8 | |
| Altar of Elders | 1 | |
| Hunter's Hall | 1 | |
| Ancient of War | 1 | |
| Tree of Ages | 1 | |
| Ancient of Wind | 3 | |
| Ancient of Lore | 1 | |
| Tree of Life | 4 | |
| Ancient of Wonders | 1 | |
| Ancient Protector | 9 | |
| Tree of Eternity | 1 | |
31 total
» build order
00:17 Moon Well
01:13 Altar of Elders
01:37 Hunter's Hall
01:46 Ancient of War
02:02 Moon Well
02:25 Moon Well
03:12 Tree of Ages
05:42 Ancient of Wind
05:51 Ancient of Lore
06:32 Moon Well
07:36 Tree of Life
07:55 Ancient of Wonders
09:09 Ancient Protector
09:20 Ancient Protector
10:00 Ancient of Wind
10:18 Ancient of Wind
10:30 Moon Well
10:41 Moon Well
10:50 Moon Well
12:20 Tree of Life
13:56 Ancient Protector
14:33 Ancient Protector
14:59 Tree of Eternity
15:05 Ancient Protector
15:44 Ancient Protector
16:21 Ancient Protector
16:32 Ancient Protector
19:06 Tree of Life
19:29 Tree of Life
19:41 Ancient Protector
20:16 Moon Well
» items
| Boots of Speed | 1 | |
| Staff of Teleportation | 1 | |
| Potion of Invisibility | 1 | |
| Potion of Lesser Invulnerability | 2 | |
| Moonstone | 2 | |
| Orb of Venom | 1 | |
8 total
Chat log
(00:29 / All) alf: glgl
(00:34 / All) GnR158: u2
(00:52 / All) alf: \rax?
(00:54 / All) alf: where?
(00:56 / All) alf: gogogo
(00:56 / All) alf: make
(00:57 / All) alf: xD
(01:28 / All) GnR158: l8r
(01:32 / All) alf: ?
(02:11 / All) GnR158: ny
(02:11 / All) GnR158: u
(02:22 / All) alf: mex
(02:31 / All) alf: glg
(02:32 / All) alf: k
(02:42 / All) alf: k
(03:07 / All) GnR158: stop hacking you mexican fuck
(03:08 / All) GnR158: omfg
(03:13 / All) alf: f
(03:14 / All) alf: u
(03:16 / All) GnR158: STUPID SPIC
(03:18 / All) GnR158: omfg
(03:22 / All) GnR158: come clean my back yard
(03:23 / All) alf: leave
(03:23 / All) GnR158: you fuck
(03:54 / All) GnR158: dumb spic
(03:56 / All) GnR158: cause you're mexican
(04:20 / All) GnR158: you hack
(04:27 / All) GnR158: god gave you a disadvantage?
(04:29 / All) alf: nop[
(04:29 / All) GnR158: you dumb spic
(04:32 / All) alf: ahahaha
(04:32 / All) GnR158: 5 foot 2 noob
(04:44 / All) alf: ahahah
(04:45 / All) alf: come
(07:05 / All) GnR158: u suck
(07:28 / All) GnR158: eve with hacks
(07:30 / All) GnR158: you suck balls
(08:04 / All) alf: trhgx
(08:08 / All) alf: thx*
(10:32 / All) alf: come
(11:37 / All) alf: idiot
(13:30 / All) GnR158: stupid spic
(14:15 / All) GnR158: dumb noob
(14:41 / All) GnR158: dumb penteho
(14:43 / All) GnR158: come clean my dishes
(14:44 / All) GnR158: HAHAHAHAHAH
(15:14 / All) GnR158: BUYE NOOOB
(18:56 / All) alf: tt
(22:22 / All) GnR158: hahaha
(22:23 / All) GnR158: fuck you
(22:36 / All) alf: tt
(23:22 / All) GnR158: dumb spic
(23:24 / All) GnR158: replay posted